 Dungeon Crawl Stone Soup version 0.22.1-2-g9c5b331 (webtiles) character file.

238 diana the Bolt Thrower (level 5, -1/42 HPs)
             Began as a Minotaur Hunter on Nov 21, 2018.
             Slain by a phantom (3 damage)
             ... on level 4 of the Dungeon.
             The game lasted 00:04:37 (3051 turns).

diana the Bolt Thrower (Minotaur Hunter)            Turns: 3051, Time: 00:04:38

Health: -1/42      AC:  3    Str: 18    XL:     5   Next: 78%
Magic:  4/4        EV: 12    Int:  8    God:
Gold:   154        SH:  0    Dex: 10    Spells: 4/4 levels left

rFire    . . .     SeeInvis .   a - +1 hand crossbow
rCold    + . .     Gourm    .   (no shield)
rNeg     . . .     Faith    .   c - +0 leather armour
rPois    .         Spirit   .   (helmet restricted)
rElec    .         Reflect  .   (no cloak)
rCorr    .         Harm     .   (no gloves)
MR       .....                  (no boots)
Stlth    +.........             (no amulet)
HPRegen  0.14/turn              p - ring of protection from cold
MPRegen  0.09/turn              (no ring)

@: lethally poisoned (-1 -> -2)
A: retaliatory headbutt, horns 2
a: no special abilities


You were on level 4 of the Dungeon.
You were not hungry.

You visited 1 branch of the dungeon, and saw 4 of its levels.

You collected 154 gold pieces.

Inventory:

Hand Weapons
 a - a +1 hand crossbow (weapon)
 b - a +0 short sword
Missiles
 d - 3 bolts (quivered)
Armour
 c - a +0 leather armour (worn)
Jewellery
 p - a ring of protection from cold (left hand)
Scrolls
 i - a scroll of amnesia {unknown}
 l - 2 scrolls of identify {unknown}
 m - a scroll of fear {unknown}
 n - 2 scrolls of enchant weapon {unknown}
 q - a scroll of noise {unknown}
 s - a scroll of fog
Potions
 e - a potion of heal wounds {unknown}
 g - a potion of curing {unknown}
 h - 2 potions of agility {unknown}
 j - 2 potions of flight {unknown}
 k - a potion of lignification {unknown}
 o - 2 potions of might {unknown}
 r - a potion of invisibility {unknown}
Comestibles
 f - 8 rations


   Skills:
 - Level 2.4 Fighting
 * Level 7.8 Crossbows
 - Level 2.1 Dodging
 - Level 0.7 Stealth


You had 4 spell levels left.
You didn't know any spells.
Your spell library was empty.

Dungeon Overview and Level Annotations

Branches:
Dungeon (4/15)
 Temple: D:4-7

Altars:


Innate Abilities, Weirdness & Mutations

You reflexively headbutt those who attack you in melee.
You have a pair of horns on your head.


Message History

The phantom barely misses you. You furiously retaliate!
You headbutt the phantom.
You clumsily bash the phantom but do no damage.
The phantom is heavily damaged.
The phantom barely misses you. You furiously retaliate!
You headbutt the phantom. The phantom hits you.
* * * LOW HITPOINT WARNING * * *
You barely miss the phantom.
The phantom is severely damaged.
You feel sick. The phantom closely misses you.
You clumsily bash the phantom but do no damage.
The phantom is severely damaged.
The phantom barely misses you. The phantom hits you.
* * * LOW HITPOINT WARNING * * *
You clumsily bash the phantom but do no damage.
The phantom is severely damaged.
You feel sick.
A scorpion comes into view.
The phantom hits you.
You die...

.##########
......(<..#
..#####.@.#
#..W..(....#
#..(.)...#.s
#....(.(...#
##...(#.#.##
#.(.(#.# .ยง
#.#.## % #
#.#.# #.


You could see a phantom and a scorpion (wandering).

Vanquished Creatures
  A howler monkey (D:4)
  4 gnolls (D:2)
  8 adders
  An ooze (D:3)
  2 worms
  2 dart slugs
  A leopard gecko (D:2)
  15 orcs (D:3)
  3 giant cockroaches
  5 hobgoblins
  2 quokkas (D:2)
  7 bats
  5 frilled lizards
  7 goblins
  5 kobolds
  10 rats
78 creatures vanquished.

Notes
Turn   | Place    | Note
-------+----------+-------------------------------------------
     0 | D:1      | diana the Minotaur Hunter began the quest for the Orb.
     0 | D:1      | Reached XP level 1. HP: 18/18 MP: 0/0
   334 | D:1      | Reached XP level 2. HP: 25/25 MP: 1/1
   415 | D:1      | Reached skill level 5 in Crossbows
   692 | D:2      | Found a faded altar of an unknown god.
   734 | D:2      | Reached XP level 3. HP: 30/30 MP: 2/2
   921 | D:2      | Reached skill level 6 in Crossbows
  1061 | D:2      | Reached XP level 4. HP: 37/37 MP: 3/3
  1983 | D:3      | Reached skill level 7 in Crossbows
  1983 | D:3      | Reached XP level 5. HP: 27/42 MP: 4/4
  3024 | D:4      | Noticed a phantom
  3051 | D:4      | HP: 2/42 [poisoned by an adder]
  3051 | D:4      | Slain by a phantom

Skill      XL: |  1  2  3  4 |
---------------+-------------+-----
Crossbows      | 5 6 7 |  7.8
Fighting       | |  2.4
Dodging        | |  2.1
Stealth        | |  0.7

Action                   |  1- 3 |  4- 6 || total
-------------------------+-------+-------++-------
Melee: Hand crossbow     |       |    11 ||    11
       Headbutt          |       |     3 ||     3
 Fire: Hand crossbow     |    65 |   120 ||   185
  Use: Scroll            |       |     2 ||     2
  Eat: Chunk             |       |     6 ||     6
Armor: Leather armour    |     1 |     9 ||    10
Dodge: Dodged            |     5 |    34 ||    39
